 Dungeon Crawl Stone Soup version 0.29.0-4-gdea44cf6ec (webtiles) character file.

Game seed: 15525703609797550257

2 qw the Sneak (level 1, -1/14 HPs)
             Began as a Gargoyle Delver on Sept 10, 2022.
             Slain by an orc
             ... wielding a +3 trident
              (9 damage)
             ... on level 4 of the Dungeon.
             The game lasted 00:00:03 (54 turns).

qw the Sneak (Gargoyle Delver)                        Turns: 54, Time: 00:00:04

Health: -1/14      AC:  5    Str: 15    XL:     1   Next: 40%
Magic:  1/1        EV: 11    Int: 10    God:
Gold:   11         SH:  0    Dex: 11    Spells: 0/0 levels left

rFire   . . .      SeeInvis .   a - +0 hand axe
rCold   . . .      Faith    .   (no shield)
rNeg    + . .      Spirit   .   b - +0 leather armour
rPois   inf        Reflect  .   (no helmet)
rElec   +          Harm     .   (no cloak)
rCorr   .          Rampage  .   (no gloves)
Will    .....                   (no boots)
Stlth   +++.......              (no amulet)
HPRegen 0.04/turn               (no ring)
MPRegen 0.07/turn               (no ring)

@: no status effects
A: sickness immunity, AC +2, negative energy resistance 1, electricity
resistance, torment resistance 1, petrification resistance
a: no special abilities


You were on level 4 of the Dungeon.
You visited 1 branch of the dungeon, and saw 2 of its levels.

You collected 11 gold pieces.


Innate Abilities, Weirdness & Mutations

You are immune to sickness and miasma.
Your stone body is resilient. (AC +2)
You are immune to poison.
You resist negative energy. (rN+)
You are resistant to electric shocks. (rElec)
You are resistant to unholy torment.
You are immune to petrification.


   Skills:
 - Level 3.2 Fighting
 + Level 2.0 Axes
 - Level 1.5 Dodging
 - Level 5.4 Stealth


You couldn't memorise any spells.
You didn't know any spells.
Your spell library was empty.

Inventory:

Hand Weapons
 a - a +0 hand axe (weapon)
Armour
 b - a +0 leather armour (worn)
Wands
 g - a wand of digging (3)
Scrolls
 c - a scroll of fog
 d - a scroll of magic mapping
 e - a scroll of fear
Potions
 f - a potion of haste
 h - a potion of lignification {unknown}

Dungeon Overview and Level Annotations

Branches:
Dungeon (5/15)
 Temple: D:4-7

Altars:
Dithmenos

Annotations:
D:4 Edmund


Message History

You hit the jackal.
The jackal is almost dead.
The jackal bites you.
You hit the jackal.
You kill the jackal!
Found a scroll labelled FOMIOXTI JYUDO.
You see here a jackal corpse.
42 ||| FLEEEEING.
43 ||| FLEEEEING.
Found a shadowy altar of Dithmenos.
You now have 11 gold pieces.
You hear the slow hiss of a very distant avalanche of sand.
There is a stone staircase leading up here.
49 ||| STAIRDANCE You climb upwards.
The orc wizard shouts!
The goblin shouts!
The orc shouts!
You hear a shout!
Found a scroll labelled ERGHEOS HEZXAXU.
There is a stone staircase leading down here.
Existing waypoints: (2) D:5 Assign waypoint to what number? (0-9, D - delete waypoint) Waypoint 1 assigned to D:4.
You closely miss the goblin. The goblin closely misses you.
You slash the goblin!
You kill the goblin!
A quokka comes into view.
The orc hits you but does no damage.
Your Axes skill increases to level 2!
You closely miss the orc priest.
The orc priest hits you but does no damage.
The orc closely misses you.
You barely miss the orc priest.
The orc wizard mumbles some strange words.
The orc wizard flickers and vanishes!
Deactivating autopickup; reactivate with Ctrl-A.
The orc priest hits you with a +0 short sword.
Edmund the Younger comes into view.
He is wielding a +4 vorpal flail.
The orc hits you from afar with a +3 trident!
Ouch! That really hurt!
You die...

## #. #.
#. ##
#.#.
#..##
#.@.#
#).oo.?.#
##.#{..##
#.#r..#
#.# ..#
#.# ###
#.# #@#


You could see Edmund, an orc priest, an orc and a quokka.

Vanquished Creatures
  A goblin (D:4)
  A jackal (D:5)
2 creatures vanquished.

Notes
Turn   | Place    | Note
-------+----------+-------------------------------------------
     0 | D:5      | qw the Gargoyle Delver began the quest for the Orb.
     0 | D:5      | Reached XP level 1. HP: 14/14 MP: 1/1
     0 | D:5      | 0 ||| qw: Version: 0.1-a-116-g5d60599
     0 | D:5      | 0 ||| qw: Game counter: 7766
     0 | D:5      | 0 ||| qw: Always use a shield: true
     0 | D:5      | 0 ||| qw: God list: Okawaru
     0 | D:5      | 0 ||| qw: Allow faded altars: false
     0 | D:5      | 0 ||| qw: Do Orc after D:15 true
     0 | D:5      | 0 ||| qw: Do second Lair branch before Depths: true
     0 | D:5      | 0 ||| qw: Lair rune preference: random
     0 | D:5      | 0 ||| qw: Plans: Normal
     0 | D:5      | 0 ||| PLANNING D:1-11
    42 | D:5      | 42 ||| FLEEEEING.
    43 | D:5      | 43 ||| FLEEEEING.
    43 | D:5      | Found a shadowy altar of Dithmenos.
    49 | D:5      | 49 ||| STAIRDANCE
    50 | D:4      | Noticed an orc priest
    50 | D:4      | Noticed an orc wizard
    54 | D:4      | Noticed Edmund
    54 | D:4      | Slain by an orc

Levels and vault maps discovered:
D:4:      layout_loops_ring, uniq_edmund
D:5:      layout_basic, nicolae_overflow_hidden_temple, lemuel_crystal_altar,
          minmay_temple_entry_mini_moons, serial_shops, shop,
          nicolae_shop_advertising_works [nicolae_subvault_shop_adworks], shop,
          nicolae_shop_stone, shop, enter_ossuary_2

Skill      XL: |  1 |
---------------+----+-----
Axes           | 2 |  2.0
Fighting       | |  3.2
Dodging        | |  1.5
Stealth        | |  5.4

Action                   || total
-------------------------++-------
Melee: Hand axe          ||    13
Armor: Leather armour    ||     4
Dodge: Dodged            ||    10

Table legend:
 A = Non-vault XP
 B = Vault XP
 C = Vault XP percentage of total XP
 D = Non-vault monster count
 E = Vault monster count
 F = Vault count percentage of total count
                 A         B        C        D         E       F
            +---------+---------+-------+---------+---------+-------
      Total |       4 |       0 |   0.0 |       2 |       0 |   0.0
            +---------+---------+-------+---------+---------+-------
        D:4 |       2 |       0 |   0.0 |       1 |       0 |   0.0
        D:5 |       2 |       0 |   0.0 |       1 |       0 |   0.0
            +---------+---------+-------+---------+---------+-------
